3L
MONTANA PANDAS @ NASHVILLE OUTLAWS
09/21/2033
 
TOP OF THE 1ST
Montana Pandas batting - Pitching for Nashville Outlaws : LHP Onson Sweemey
Pitching: LHP Onson Sweemey
Batting: RHB Chuk-yan Yang 0-0: Foul Ball, location: 2F
0-1: Ball
1-1: SINGLE (Groundball, 6D)
Batting: RHB Miguel Morán 0-0: Fielders Choice at 2nd, 5-4 (Groundball, 5)
Batting: RHB Pil-joong Pak 0-0: Called Strike
0-1: Foul Ball, location: 2F
0-2: Ball
1-2: Ball
2-2: Ball
3-2: Strikes out looking
Batting: RHB Sang Hong-Do 0-0: Called Strike
0-1: Foul Ball, location: 2F
0-2: Strikes out swinging
Top of the 1st over - 0 runs, 1 hit, 0 errors, 1 left on base; Montana 0 - Nashville 0
BOTTOM OF THE 1ST
Nashville Outlaws batting - Pitching for Montana Pandas : RHP Chin-seok Hwang
Pitching: RHP Chin-seok Hwang
Batting: LHB Bartolo Soto 0-0: Called Strike
0-1: Ground out 5-3 (Groundball, 5)
Batting: RHB Arnold Giroux 0-0: Ball
1-0: Ball
2-0: Swinging Strike
2-1: Foul Ball, location: 2F
2-2: Ball
3-2: Base on Balls
Batting: LHB Bora Garasanin 0-0: Called Strike
0-1: Ball
1-1: Swinging Strike
1-2: 2-RUN HOME RUN (Flyball, 9LD), Distance : 363 ft
Batting: RHB Jerry Yates 0-0: Fly out, F7 (Line Drive, 7)
Batting: LHB Myron Rosenbalm 0-0: Foul Ball, location: 2F
0-1: Ball
1-1: Called Strike
1-2: Strikes out swinging
Bottom of the 1st over - 2 runs, 1 hit, 0 errors, 0 left on base; Montana 0 - Nashville 2
TOP OF THE 2ND
Montana Pandas batting - Pitching for Nashville Outlaws : LHP Onson Sweemey
Batting: RHB Steve Irwin 0-0: Ball
1-0: Called Strike
1-1: Ball
2-1: DOUBLE (Line Drive, 78D)
Batting: RHB Jesús Orozco 0-0: Ball
1-0: Foul Ball, location: 2F
1-1: Ball
2-1: Foul Ball, location: 2F
2-2: Ball
3-2: SINGLE (Groundball, 34S) (infield hit)
Steve Irwin to third
Batting: RHB Martinus Xhaka 0-0: Ball
1-0: Ball
2-0: Called Strike
2-1: Grounds into double play, 5-4-3 (Groundball, 56)
Steve Irwin scores
Batting: RHB Júlio Vargas 0-0: Fly out, F9 (Flyball, 9S)
Top of the 2nd over - 1 run, 2 hits, 0 errors, 0 left on base; Montana 1 - Nashville 2
BOTTOM OF THE 2ND
Nashville Outlaws batting - Pitching for Montana Pandas : RHP Chin-seok Hwang
Batting: RHB Mariano Sánchez 0-0: Ball
1-0: Called Strike
1-1: Ground out 6-3 (Groundball, 6)
Batting: LHB Juan Caro 0-0: Ball
1-0: Swinging Strike
1-1: Foul Ball, location: 2F
1-2: Foul Ball, location: 2F
1-2: Ball
2-2: Strikes out swinging
Batting: RHB Tom Boyer 0-0: Called Strike
0-1: Foul Ball, location: 2F
0-2: Ball
1-2: Ground out 5-3 (Groundball, 56S)
Bottom of the 2nd over - 0 runs, 0 hits, 0 errors, 0 left on base; Montana 1 - Nashville 2
TOP OF THE 3RD
Montana Pandas batting - Pitching for Nashville Outlaws : LHP Onson Sweemey
Batting: SHB Jorge Alou 0-0: Called Strike
0-1: Ball
1-1: Ball
2-1: Fly out, F9 (Flyball, 9D)
Batting: RHB Chuk-yan Yang 0-0: Called Strike
0-1: Ground out 5-3 (Groundball, 56)
Batting: RHB Miguel Morán 0-0: Ball
1-0: Swinging Strike
1-1: Ball
2-1: Fly out, F9 (Flyball, 9D)
Top of the 3rd over - 0 runs, 0 hits, 0 errors, 0 left on base; Montana 1 - Nashville 2
BOTTOM OF THE 3RD
Nashville Outlaws batting - Pitching for Montana Pandas : RHP Chin-seok Hwang
Batting: RHB Greg Schiff 0-0: Called Strike
0-1: Foul Ball, location: 2F
0-2: Ball
1-2: Ball
2-2: Ball
3-2: Fly out, F8 (Flyball, 78M)
Batting: LHB Bartolo Soto 0-0: Ball
1-0: Ball
2-0: Called Strike
2-1: Ground out 1-3 (Groundball, 13)
Batting: RHB Arnold Giroux 0-0: Ball
1-0: Called Strike
1-1: Called Strike
1-2: Fly out, F8 (Flyball, 8LS)
Bottom of the 3rd over - 0 runs, 0 hits, 0 errors, 0 left on base; Montana 1 - Nashville 2
TOP OF THE 4TH
Montana Pandas batting - Pitching for Nashville Outlaws : LHP Onson Sweemey
Batting: RHB Pil-joong Pak 0-0: Foul Ball, location: 2F
0-1: Called Strike
0-2: Ball
1-2: Foul Ball, location: 2F
1-2: Ball
2-2: Strikes out swinging
Batting: RHB Sang Hong-Do 0-0: Ball
1-0: Ball
2-0: Fly out, F7 (Flyball, 7LD)
Batting: RHB Steve Irwin 0-0: Ball
1-0: Ground out 5-3 (Groundball, 56)
Top of the 4th over - 0 runs, 0 hits, 0 errors, 0 left on base; Montana 1 - Nashville 2
BOTTOM OF THE 4TH
Nashville Outlaws batting - Pitching for Montana Pandas : RHP Chin-seok Hwang
Batting: LHB Bora Garasanin 0-0: Called Strike
0-1: Ball
1-1: Foul Ball, location: 2F
1-2: Ball
2-2: Ball
3-2: Foul Ball, location: 2F
3-2: SOLO HOME RUN (Line Drive, 89XD), Distance : 425 ft
Pitching: LHP Ezio Deodato
Batting: RHB Jerry Yates 0-0: Called Strike
0-1: Called Strike
0-2: Ball
1-2: Ground out 5-3 (Groundball, 5)
Batting: LHB Myron Rosenbalm 0-0: Ball
1-0: Ball
2-0: Foul Ball, location: 2F
2-1: SINGLE (Groundball, 3D)
Batting: RHB Mariano Sánchez 0-0: Ball
1-0: Foul Ball, location: 2F
1-1: Ball
2-1: Ball
3-1: Base on Balls
Myron Rosenbalm to second
Batting: LHB Juan Caro 0-0: Ball
1-0: Called Strike
1-1: Foul Ball, location: 2F
1-2: Ground out 3-1 (Groundball, 34S)
Myron Rosenbalm to third
Mariano Sánchez to second
Batting: RHB Tom Boyer 0-0: Ball
1-0: Ball
2-0: Called Strike
2-1: Called Strike
2-2: Foul Ball, location: 2F
2-2: Strikes out swinging
Bottom of the 4th over - 1 run, 2 hits, 0 errors, 2 left on base; Montana 1 - Nashville 3
TOP OF THE 5TH
Montana Pandas batting - Pitching for Nashville Outlaws : LHP Onson Sweemey
Batting: RHB Jesús Orozco 0-0: Fly out, F7 (Flyball, 7)
Batting: RHB Martinus Xhaka 0-0: Called Strike
0-1: Swinging Strike
0-2: Ball
1-2: Foul Ball, location: 2F
1-2: Ball
2-2: Strikes out swinging, 2-3 out at first.
Batting: RHB Júlio Vargas 0-0: Foul Ball, location: 2F
0-1: Ball
1-1: Swinging Strike
1-2: Foul Ball, location: 2F
1-2: Ball
2-2: Ball
3-2: Fly out, F9 (Flyball, 9S)
Top of the 5th over - 0 runs, 0 hits, 0 errors, 0 left on base; Montana 1 - Nashville 3
BOTTOM OF THE 5TH
Nashville Outlaws batting - Pitching for Montana Pandas : LHP Ezio Deodato
Batting: RHB Greg Schiff 0-0: SINGLE (Groundball, 6MD)
Batting: LHB Bartolo Soto 0-0: Bunted foul
0-1: Bunted foul
0-2: Ball
1-2: Ball
2-2: Ball
3-2: Base on Balls
Greg Schiff to second
Batting: RHB Arnold Giroux 0-0: Ball
1-0: Ball
2-0: Sac Bunt - play at first, batter OUT! 5-4
Greg Schiff to third
Bartolo Soto to second
Batting: LHB Bora Garasanin 0-0: Ball
1-0: Called Strike
1-1: Ball
2-1: Ball
3-1: Base on Balls
Batting: RHB Jerry Yates 0-0: Called Strike
0-1: Ball
1-1: Fly out, F5 (Popup, 56)
Batting: LHB Myron Rosenbalm 0-0: Swinging Strike
0-1: Called Strike
0-2: Strikes out swinging
Bottom of the 5th over - 0 runs, 1 hit, 0 errors, 3 left on base; Montana 1 - Nashville 3
TOP OF THE 6TH
Montana Pandas batting - Pitching for Nashville Outlaws : LHP Onson Sweemey
Batting: SHB Jorge Alou 0-0: Called Strike
0-1: Ball
1-1: Called Strike
1-2: Ball
2-2: Fly out, F9 (Flyball, 89M)
Batting: RHB Chuk-yan Yang 0-0: Called Strike
0-1: Swinging Strike
0-2: Ball
1-2: Strikes out swinging
Batting: RHB Miguel Morán 0-0: Ground out 6-3 (Groundball, 6S)
Top of the 6th over - 0 runs, 0 hits, 0 errors, 0 left on base; Montana 1 - Nashville 3
BOTTOM OF THE 6TH
Nashville Outlaws batting - Pitching for Montana Pandas : LHP Ezio Deodato
Batting: RHB Mariano Sánchez 0-0: Called Strike
0-1: Swinging Strike
0-2: Ball
1-2: Ball
2-2: Foul Ball, location: 2F
2-2: Strikes out swinging
Batting: LHB Juan Caro 0-0: Foul Ball, location: 2F
0-1: SINGLE (Groundball, 56) (infield hit)
Batting: RHB Tom Boyer 0-0: Ball
1-0: Fielders Choice at 2nd, 5-4 (Groundball, 5L)
Batting: RHB Greg Schiff 0-0: Called Strike
0-1: Called Strike
0-2: Ball
1-2: Fielders Choice at 2nd, 6-4 (Groundball, 56)
Bottom of the 6th over - 0 runs, 1 hit, 0 errors, 1 left on base; Montana 1 - Nashville 3
TOP OF THE 7TH
Montana Pandas batting - Pitching for Nashville Outlaws : LHP Onson Sweemey
Batting: RHB Pil-joong Pak 0-0: Ball
1-0: Called Strike
1-1: Fly out, F1 (Line Drive, 13)
Batting: RHB Sang Hong-Do 0-0: Ball
1-0: Ball
2-0: Ball
3-0: Called Strike
3-1: Base on Balls
Batting: RHB Steve Irwin 0-0: Fly out, F5 (Line Drive, 56)
Batting: RHB Jesús Orozco 0-0: Called Strike
0-1: Ball
1-1: Foul Ball, location: 2F
1-2: Ball
2-2: Ball
3-2: Base on Balls
Sang Hong-Do to second
Batting: RHB Martinus Xhaka 0-0: Called Strike
0-1: Called Strike
0-2: Foul Ball, location: 2F
0-2: Ball
1-2: Strikes out swinging
Top of the 7th over - 0 runs, 0 hits, 0 errors, 2 left on base; Montana 1 - Nashville 3
BOTTOM OF THE 7TH
Nashville Outlaws batting - Pitching for Montana Pandas : LHP Ezio Deodato
Batting: LHB Bartolo Soto 0-0: Swinging Strike
0-1: Called Strike
0-2: Hit by Pitch
Pitching: RHP Júlio Maes
Batting: RHB Arnold Giroux 0-0: Bunt missed!
0-1: Ball
1-1: Sac Bunt - play at first, batter OUT! 1-4
Bartolo Soto to second
Batting: LHB Bora Garasanin 0-0: Called Strike
0-1: Ball
1-1: 2-RUN HOME RUN (Line Drive, 9D), Distance : 382 ft
Batting: RHB Jerry Yates 0-0: Called Strike
0-1: Ball
1-1: SINGLE (Flyball, 9S)
Batting: LHB Myron Rosenbalm 0-0: Called Strike
0-1: Foul Ball, location: 2F
0-2: Ball
1-2: Ball
2-2: Foul Ball, location: 2F
2-2: Grounds into double play, 4-6-3 (Groundball, 4)
Bottom of the 7th over - 2 runs, 2 hits, 0 errors, 0 left on base; Montana 1 - Nashville 5
TOP OF THE 8TH
Montana Pandas batting - Pitching for Nashville Outlaws : LHP Onson Sweemey
Batting: RHB Júlio Vargas 0-0: Ball
1-0: Ball
2-0: Swinging Strike
2-1: SINGLE (Groundball, 34) (infield hit)
Batting: SHB Jorge Alou 0-0: Called Strike
0-1: Foul Ball, location: 2F
0-2: Ball
1-2: Strikes out swinging
Pitching: RHP Jorge Villanueva
Batting: RHB Chuk-yan Yang 0-0: Swinging Strike
0-1: Ball
1-1: Ball
2-1: Called Strike
2-2: Fielders Choice at 2nd, 6-4 (Groundball, 6)
Batting: RHB Miguel Morán 0-0: Foul Ball, location: 2F
0-1: Foul Ball, location: 2F
0-2: Ball
1-2: Strikes out swinging
Top of the 8th over - 0 runs, 1 hit, 0 errors, 1 left on base; Montana 1 - Nashville 5
BOTTOM OF THE 8TH
Nashville Outlaws batting - Pitching for Montana Pandas : RHP Júlio Maes
Batting: RHB Mariano Sánchez 0-0: Ball
1-0: Swinging Strike
1-1: Ground out 4-3 (Groundball, 34)
Batting: LHB Juan Caro 0-0: Called Strike
0-1: Called Strike
0-2: Ball
1-2: Ball
2-2: Fly out, F9 (Flyball, 9LMF)
Batting: RHB Tom Boyer 0-0: Ball
1-0: Ball
2-0: Ball
3-0: Base on Balls
Batting: RHB Greg Schiff 0-0: Ball
1-0: Fielders Choice at 2nd, 5-4 (Groundball, 5)
Bottom of the 8th over - 0 runs, 0 hits, 0 errors, 1 left on base; Montana 1 - Nashville 5
TOP OF THE 9TH
Montana Pandas batting - Pitching for Nashville Outlaws : RHP Jorge Villanueva
Pitching: RHP Kenete Daku
Batting: RHB Pil-joong Pak 0-0: Ball
1-0: Foul Ball, location: 2F
1-1: Ball
2-1: Foul Ball, location: 2F
2-2: Strikes out swinging
Batting: RHB Sang Hong-Do 0-0: Fly out, F7 (Flyball, 7LSF)
Batting: RHB Steve Irwin 0-0: Ball
1-0: Ball
2-0: Swinging Strike
2-1: Called Strike
2-2: Strikes out looking
Top of the 9th over - 0 runs, 0 hits, 0 errors, 0 left on base; Montana 1 - Nashville 5
Saturday, December 22nd, 2018 - OOTP Baseball 18.8 Build 76